 Dungeon Crawl Stone Soup version 0.29.1-15-g9cfb28693d (webtiles) character file.

Game seed: 6408284025684076271

1131 sentinel the Destroyer (level 8, -10/63 HPs)
             Began as a Meteoran Earth Elementalist on July 25, 2023.
             Was an Initiate of Cheibriados.
             Mangled by a centaur warrior (13 damage)
             ... on level 9 of the Dungeon.
             The game lasted 00:07:33 (774 turns).

sentinel the Destroyer (Meteoran Earth Elementalist) Turns: 774, Time: 00:07:34

Health: -10/63     AC:  6    Str: 11    XL:     8   Next: 94%
Magic:  12/16      EV: 12    Int: 19    God:    Cheibriados [......]
Gold:   0          SH:  0    Dex: 16    Spells: 7/17 levels left

rFire   . . .      SeeInvis .   i - +3 rapier (vamp)
rCold   . . .      Faith    .   (no shield)
rNeg    . . .      Spirit   .   e - +0 steam dragon scales
rPois   .          Reflect  .   (no helmet)
rElec   .          Harm     .   (no cloak)
rCorr   .          Rampage  .   n - +0 pair of gloves
Will    +....                   (no boots)
Stlth   +.........              (no amulet)
HPRegen 0.20/turn               (no ring)
MPRegen 0.15/turn               (no ring)

@: mighty, marked, glowing, very slow
A: sense surroundings 1, otherworldly, glowing, explore regen
a: Renounce Religion


You were on level 9 of the Dungeon.
You worshipped Cheibriados.
Cheibriados was noncommittal.
You visited 2 branches of the dungeon, and saw 10 of its levels.

Inventory:

Hand Weapons
 i - a +3 vampiric rapier (weapon)
Missiles
 l - a throwing net
 o - a curare-tipped dart
Armour
 a - a +0 robe
 e - +0 steam dragon scales (worn)
 g - a +0 buckler
 j - the +8 ring mail of Entitlement {Rampage rElec rCorr Int-5}
   (You found it on level 6 of the Dungeon)

   Int:       It affects your intelligence (-5).
   rElec:     It insulates you from electricity.
   rCorr:     It protects you from acid and corrosion.
   Rampage:   It bestows one free step when moving towards enemies.
   Cheibriados disapproves of the use of such an item.
 n - a +0 pair of gloves (worn)
Jewellery
 h - an amulet of the acrobat
Wands
 k - a wand of mindburst (15)
Scrolls
 f - a scroll of fog
 t - 2 scrolls of teleportation
 z - a scroll of blinking
Potions
 b - a potion of magic
 m - 2 potions of berserk rage {unknown}


   Skills:
 + Level 3.2 Fighting
 - Level 2.4 Dodging
 - Level 1.4 Stealth
 - Level 5.0 Spellcasting
 - Level 8.7 Conjurations
 - Level 1.2 Transmutations
 - Level 5.0 Earth Magic
 + Level 2.6 Poison Magic


You had 7 spell levels left.
You knew the following spells:

 Your Spells              Type           Power      Damage    Failure   Level
a - Sandblast             Erth           46%        2d11      1%          1
p - Passwall              Tmut/Erth      13%        N/A       5%          2
s - Stone Arrow           Conj/Erth      60%        3d10      2%          3
t - Olgreb's Toxic Radia  Pois           14%        N/A       38%         4

Your spell library contained the following spells:

 Spells                   Type           Power      Damage    Failure   Level
 Sting                    Tmut/Pois      48%        1d5       5%          1
 Poisonous Vapours        Pois/Air       18%        N/A       11%         2
 Petrify                  Tmut/Erth      16%        N/A       34%         4


Dungeon Overview and Level Annotations

Branches:
Dungeon (9/15) Zot: 6946   Temple (1/1) D:7 Zot: 875
   Lair: D:8-11         Orc: D:9-12

Altars:
Ashenzari
Cheibriados
Dithmenos
Elyvilon
Fedhas
Hepliaklqana
Kikubaaqudgha
Okawaru
Qazlal
Ru
Sif Muna
Trog
Vehumet
Yredelemnul
Zin

Shops:
D:7 :


Innate Abilities, Weirdness & Mutations

You passively map a small area around you.
You are easily found by Zot.
You glow in the dark.
You regain HP and MP as you explore.


Message History

The blast of sand hits the gnoll!
You kill the gnoll!
Cheibriados thoroughly appreciates the change of pace.
Your attacks no longer feel as feeble.
The gnoll hits you from afar with a +0 halberd!
The gnoll barely misses you.
The blast of sand misses the gnoll.
The gnoll throws a throwing net.
The throwing net barely misses you.
The blast of sand hits the gnoll!
The gnoll is severely wounded.
The gnoll barely misses you.
The gnoll hits you from afar with a +0 halberd.
A gnoll comes into view. It is wielding a +0 spear.
The blast of sand hits the gnoll!
You kill the gnoll!
Cheibriados appreciates the change of pace.
The gnoll shouts!
The gnoll hits you but does no damage.
The blast of sand hits the gnoll.
The gnoll is moderately wounded.
The gnoll hits you from afar with a +0 spear.
The gnoll closely misses you.
The blast of sand hits the gnoll.
The gnoll is heavily wounded.
The gnoll hits you from afar with a +0 spear!
The blast of sand hits the gnoll!
You kill the gnoll!
Cheibriados thoroughly appreciates the change of pace.
You can't see any susceptible monsters within range! (Use Z to cast anyway.)
You can't see any susceptible monsters within range! (Use Z to cast anyway.)
Press: ? - help, v - describe, . - travel, g - get item Item here: a throwing net.
A stone staircase leading down.
Unknown command.
Items here: )) [ †.
Things that are here:
a +0 spear; a gnoll corpse
Things that are here:
a +0 spear; a gnoll corpse
Items here: )) [ †.
Things that are here:
a +0 spear; a +0 spear
l - a throwing net
There is a stone staircase leading down here.
You climb downwards.
There is a stone staircase leading up here.
Magic restored.
Found 9 gold pieces.
A sourceless malevolence fills the Dungeon...
With a horrendous wail, an alarm goes off!
A sentinel's mark forms upon you.
You hear a shout!
You hear a loud, deep croak!
You hear a shout!
You hear a howl!
You hear an angry hiss.
You hear a shout! x4
A centaur comes into view.
The centaur wields a +0 shortbow.
The centaur shoots an arrow.
The arrow misses you.
Okay, then.
The blast of sand hits the centaur!
The centaur is heavily wounded.
The centaur shoots an arrow.
The arrow hits you.
The centaur shoots an arrow.
The arrow closely misses you.
The blast of sand hits the centaur!
The centaur is almost dead.
The centaur shoots an arrow.
The arrow hits you.
The centaur shoots an arrow.
The arrow hits you.
A bullfrog comes into view.
The blast of sand hits the centaur!
You kill the centaur!
Cheibriados thoroughly appreciates the change of pace.
Your Poison Magic skill increases to level 2!
The blast of sand hits the bullfrog!
The bullfrog is heavily wounded.
A centaur warrior comes into view.
Okay, then.
The bullfrog attacks as you move away! The bullfrog closely misses you.
The bullfrog hits you but does no damage.
The bullfrog attacks as you move away!
The bullfrog hits you but does no damage.
The bullfrog hits you.
Okay, then.
Okay, then.
The blast of sand hits the bullfrog!
The bullfrog is almost dead.
The bullfrog barely misses you. The bullfrog completely misses you.
Okay, then.
You feel very mighty all of a sudden. The bullfrog closely misses you.
Casting: Sandblast (safe; 1% risk of failure)
Confirm with . or Enter, or press ? or * to list all spells.
Aiming: Stone Arrow (dangerous; 2% risk of failure)
Press: ? - help, Shift-Dir - straight line, f - centaur warrior, p - bullfrog
Aim: a centaur warrior (81% to hit)
The stone arrow hits the bullfrog!
You kill the bullfrog!
Cheibriados appreciates the change of pace.
The centaur warrior wields a +0 longbow.
The centaur warrior shoots an arrow.
The arrow hits you!
A howler monkey comes into view.
Your Fighting skill increases to level 3!
An orc priest comes into view. It is wielding a +0 whip.
The centaur warrior unwields a +0 longbow.
The centaur warrior barely misses you. x2; The centaur warrior hits you.
The centaur warrior kicks you.
You hit the centaur warrior.
You feel better.
The centaur warrior is lightly wounded.
The centaur warrior hits you! The centaur warrior closely misses you.
An orc warrior comes into view. It is wielding a +0 long sword.
The centaur warrior misses you. The centaur warrior closely misses you.
You puncture the centaur warrior!
The centaur warrior is lightly wounded.
The centaur warrior hits you.
The centaur warrior kicks you but does no damage.
The centaur warrior hits you.
The centaur warrior kicks you but does no damage.
You puncture the centaur warrior!
You feel better.
The centaur warrior is moderately wounded.
The centaur warrior hits you. The centaur warrior closely misses you.
An orc wizard comes into view. It is wielding a +0 dagger.
The centaur warrior hits you. The centaur warrior closely misses you.
You barely miss the centaur warrior.
The centaur warrior is moderately wounded.
The centaur warrior hits you!
* * * LOW HITPOINT WARNING * * *
The centaur warrior kicks you but does no damage.
The orc priest begins to cast a cantrip, but forgets the words!
HP warning!
Okay, then.
Okay, then.
Okay, then.
As you read the scroll of summoning, it crumbles to dust.
Wisps of shadow whirl around you... The centaur warrior hits you.
* * * LOW HITPOINT WARNING * * *
The centaur warrior barely misses you.
An orc comes into view. It is wielding a +0 club.
The centaur warrior hits you but does no damage.
The centaur warrior kicks you.
* * * LOW HITPOINT WARNING * * *
HP warning!
You puncture the centaur warrior!
The centaur warrior is heavily wounded.
The centaur warrior completely misses you.
The centaur warrior kicks you.
* * * LOW HITPOINT WARNING * * *
The orc wizard casts a spell.
The orc wizard flickers and vanishes!
Deactivating autopickup; reactivate with Ctrl-A.
Your troll bites the orc warrior!
Your troll closely misses the orc warrior.
Your troll completely misses the orc warrior.
The centaur warrior hits you!
You die...

#.# #.. , ..# , * #.# #.#
* #.# .# #<####.#####.#
#o# ,* * #..........#.#
#{# * *, , ######.###.#$#
#.# , * #.# #.#.# #o# * ,
#.# #.#.# #o# *
##.###.#.####T####.#
*,,...........hc@Dz.z..##,
###.......####zzz.....
.......#### #####..##
....... ,, # * ....... , *
, * * ..#####* , ..* , , *
,


You could see a centaur warrior (ally target), an orc warrior, a howler monkey,
an orc priest (ally target), an orc, a friendly troll (summoned), a friendly
steam dragon (summoned) and 5 friendly wights.

Vanquished Creatures
  Eustachio (D:6)
  2 steam dragons
  A sky beast (D:6)
  An ogre (D:4)
  A centaur (D:9)
  A bullfrog (D:9)
  A kobold brigand (D:7)
  A scorpion (D:6)
  2 hounds (D:7)
  A gnoll bouda (D:8)
  2 orc priests
  An iguana (D:6)
  An orc wizard (D:4)
  5 gnolls (D:8)
  2 adders
  An ufetubus (D:5)
  2 worms
  6 orcs
  2 endoplasms (D:3)
  A giant cockroach (D:4)
  A hobgoblin (D:4)
  5 kobolds
  2 ball pythons
  A frilled lizard (D:1)
44 creatures vanquished.

Vanquished Creatures (others)
  An orc (D:7)
1 creature vanquished.

Grand Total: 45 creatures vanquished

Notes
Turn   | Place    | Note
-------+----------+-------------------------------------------
     0 | D:1      | sentinel the Meteoran Earth Elementalist began the quest
                  | for the Orb.
     0 | D:1      | Reached XP level 1. HP: 14/14 MP: 5/5
    48 | D:2      | Reached XP level 2. HP: 20/20 MP: 2/6
    54 | D:2      | Learned a level 2 spell: Passwall
    99 | D:3      | Reached skill level 5 in Earth Magic
    99 | D:3      | Reached XP level 3. HP: 26/26 MP: 4/8
   102 | D:3      | Reached XP level 4. HP: 33/33 MP: 3/10
   106 | D:3      | Learned a level 3 spell: Stone Arrow
   143 | D:4      | Reached skill level 1 in Conjurations
   164 | D:5      | Entered Level 5 of the Dungeon
   174 | D:4      | Noticed an ogre
   177 | D:4      | Killed an ogre
   178 | D:4      | Reached skill level 2 in Conjurations
   178 | D:4      | Reached XP level 5. HP: 37/38 MP: 5/12
   187 | D:4      | Reached skill level 3 in Conjurations
   187 | D:4      | Reached XP level 6. HP: 45/45 MP: 3/14
   300 | D:5      | Noticed Eustachio
   338 | D:6      | Killed Eustachio
   339 | D:6      | Reached skill level 5 in Spellcasting
   339 | D:6      | Reached skill level 5 in Conjurations
   339 | D:6      | Reached XP level 7. HP: 28/50 MP: 1/15
   348 | D:6      | Noticed a steam dragon
   352 | D:6      | Killed a steam dragon
   353 | D:6      | Reached skill level 6 in Conjurations
   438 | D:6      | Reached skill level 7 in Conjurations
   438 | D:6      | Reached XP level 8. HP: 49/57 MP: 7/16
   445 | D:6      | Identified the +8 ring mail of Entitlement {Rampage rElec
                  | rCorr Int-5}
   464 | D:7      | Noticed a steam dragon
   489 | D:7      | Killed a steam dragon
   490 | D:7      | Reached skill level 8 in Conjurations
   557 | D:7      | Found Raulyll's Book Shop.
   580 | D:7      | Found a staircase to the Ecumenical Temple.
   589 | Temple   | Entered the Ecumenical Temple
   602 | Temple   | Became a worshipper of Cheibriados the Contemplative
   672 | D:7      | Learned a level 4 spell: Olgreb's Toxic Radiance
   719 | D:8      | Reached skill level 1 in Poison Magic
   761 | D:9      | Noticed a centaur warrior
   774 | D:9      | HP: 3/63 [centaur warrior (1)]
   774 | D:9      | Mangled by a centaur warrior

Illustrated notes

Levels and vault maps discovered:
D:1:      amcnicky_arrival_feature_with_door, layout_loops_cross,
          hellmonk_ecumenical_altar_slurped_away, serial_shops, shop,
          minmay_misc_feat_nine_boxes
D:2:      layout_rooms, basic_altar
D:3:      minmay_evil_eye, layout_basic, grunt_gozag_breadcrumbs
D:4:      minmay_octagon_keep, layout_gridville,
          mainiacjoe_overflow_concentric_impassable, amcnicky_altar_gilded,
          minmay_misc_feat_encased
D:5:      layout_loops_cross, doesnt_xom_only_xom,
          hangedman_abyss_or_decor_stagger, supply_closet_lemuel,
          uniq_blork_the_orc, uniq_eustachio
D:6:      layout_loops_ring, serial_shops, shop, uniq_menkaure
D:7:      old_forge, layout_rooms, lemuel_tele_altar,
          minmay_temple_entry_antechambers, serial_shops, nicolae_diamond_shop
D:8:      layout_loops_ring, david_lair_shrubbed, roderic_serpentine_path
D:9:      layout_loops_ring, amethyst_overflow_temple_binary, serial_shops,
          nicolae_inconvenience_store
Temple:   hellmonk_temple_two_chambers

Skill      XL: |  1  2  3  4  5  6  7  8 |
---------------+-------------------------+-----
Earth Magic    | 4 5 |  5.0
Spellcasting   | 3 4 5 |  5.0
Conjurations   | 2 3 5 7 8 |  8.7
Fighting       | 3 |  3.2
Poison Magic   | 2 |  2.6
Dodging        | |  2.4
Stealth        | |  1.4
Transmutations | |  1.2

Action                   |  1- 3 |  4- 6 |  7- 9 || total
-------------------------+-------+-------+-------++-------
Melee: Unarmed           |       |     1 |       ||     1
       Rapier            |       |       |    14 ||    14
 Cast: Sandblast         |    11 |    22 |    52 ||    85
       Passwall          |     1 |     2 |     1 ||     4
       Stone Arrow       |       |     7 |     9 ||    16
  Use: Scroll            |       |     1 |    10 ||    11
       Potion            |       |       |     1 ||     1
Armor: Robe              |       |     6 |     2 ||     8
       Steam dragon scal |       |       |    18 ||    18
Dodge: Dodged            |       |    20 |    42 ||    62
